 Dungeon Crawl Stone Soup version 0.28.0-53-g5a82cb258f (webtiles) character file.

Game seed: 12774390901064977375

107 VictoriousLee the Distorting Demonspawn (level 4, -28/35 HPs)
             Began as a Demonspawn Abyssal Knight on June 8, 2022.
             Was a Believer of Lugonu.
             Killed from afar by an orc (34 damage)
             ... with a bolt of acid
             ... on level 2 of the Dungeon on June 9, 2022.
             The game lasted 00:10:54 (3276 turns).

VictoriousLee the Distorting Demonspawn (DsAK)      Turns: 3276, Time: 00:10:55

Health: -28/35     AC:  7    Str: 15    XL:     4   Next: 57%
Magic:  6/6        EV: 10    Int: 11    God:    Lugonu [**....]
Gold:   63         SH:  0    Dex: 14    Spells: 3/3 levels left

rFire   . . .      SeeInvis .   a - +1 mace
rCold   . . .      Faith    .   (no shield)
rNeg    . . .      Spirit   .   k - +0 ring mail
rPois   .          Reflect  .   c - +0 helmet
rElec   .          Harm     .   (no cloak)
rCorr   .          Rampage  .   m - +0 pair of gloves
Will    .....                   (no boots)
Stlth   +.........              (no amulet)
HPRegen 0.11/turn               (no ring)
MPRegen 0.10/turn               (no ring)

@: no status effects
A: demonic magic 1
a: Renounce Religion, Depart the Abyss, Bend Space


You were on level 2 of the Dungeon.
You worshipped Lugonu.
Lugonu was pleased with you.
You visited 1 branch of the dungeon, and saw 3 of its levels.
You visited the Abyss 1 time.

You collected 63 gold pieces.

Inventory:

Hand Weapons
 a - a +1 mace (weapon)
 o - a +0 falchion
 s - a +1 vorpal hunting sling
Missiles
 n - 29 stones
 q - 6 boomerangs
 r - 24 bolts
Armour
 b - a +0 leather armour
 c - a +0 helmet (worn)
 k - a +0 ring mail (worn)
 m - a +0 pair of gloves (worn)
Scrolls
 f - a scroll of identify {unknown}
 h - a scroll of enchant armour {unknown}
 l - a scroll of brand weapon {unknown}
Potions
 d - 3 potions of curing {unknown}
 e - a potion of heal wounds {unknown}
 g - 2 potions of flight {unknown}
 i - a potion of attraction {unknown}
 j - a potion of degeneration {unknown}
 p - a potion of cancellation {unknown}


   Skills:
 - Level 3.2 Fighting
 * Level 3.3 Maces & Flails
 - Level 2.0 Armour
 - Level 1.2 Dodging
 + Level 3.8 Invocations


You had 3 spell levels left.
You didn't know any spells.
Your spell library contained the following spells:

 Spells                   Type           Power      Damage    Failure   Level
 Corpse Rot               Necr/Air       0%         N/A       71%         2
 Poisonous Vapours        Pois/Air       0%         N/A       71%         2


Dungeon Overview and Level Annotations

Branches:
Dungeon (3/15)

Altars:


Innate Abilities, Weirdness & Mutations

Spells you cast may paralyse adjacent enemies.


Message History

The orc hits you with a +2 vorpal war axe.
* * * LOW HITPOINT WARNING * * *
x2
There is a stone staircase leading up here.
Space bends around you!
You blink.
A kobold comes into view.
It is wielding a +0 short sword and quivering poisoned darts.
The kobold shouts!
The kobold throws a poisoned dart.
The poisoned dart barely misses you.
There is an escape hatch in the ceiling here.
A mysterious force pulls you upwards. The hatch slams shut behind you.
You start resting.
Magic restored.
You start resting.
HP restored.
Okay, then.
Okay, then.
(D) Dungeon
Where to? (Enter - D:3, ? - help)
There is a stone staircase leading down here.
You climb downwards.
An orc comes into view.
It is wielding a +0 club and carrying a wand of acid (8).
There is a stone staircase leading up here.
The orc shouts!
You hear a shout!
An orc priest comes into view. It is wielding a +0 flail.
There is a stone staircase leading up here.
The orc hits you with a +0 club.
There is a stone staircase leading up here.
HP restored.
You climb upwards.
There is a stone staircase leading down here.
You closely miss the orc. The orc hits you with a +0 club.
You hit the orc but do no damage.
The orc zaps a wand.
The bolt of acid hits you!!
Ouch! That really hurt!
* * * LOW HITPOINT WARNING * * *
The orc closely misses you.
You hit the orc.
The orc is lightly wounded.
The orc zaps a wand.
The bolt of acid hits you!!
Ouch! That really hurt!
You die...

##.#.#>.....)#######.###..## #
#....#..##..)..........##..# #
#.#..P..P.....########.###.## #
..#...........# #.# #..# #
...P...≈.###..# #g# ##.#
###P..⌠⌠P..#..# #.## #)#
#.P..⌠....#..## #..# #.###
##.≈.P⌠P.###...### ##.# #...#
...P..≈..._###..@## #.#####.#
.##.P...≈###....o.## #.....#.#
###..####P..P......#####....#<#
###..P.P≈PP..###..........#.###
#.P...P...P..# ##..........)..#
####.........# ######........#
########### #....###.. #....#
### #....#


You could see an orc.

Vanquished Creatures
  Robin (D:1)
  2 adders (D:2)
  2 worms (D:2)
  A dart slug (D:1)
  2 orcs (D:3)
  A ball python (D:1)
  5 endoplasms
  3 giant cockroaches
  12 goblins
  8 hobgoblins
  2 jackals (D:1)
  A quokka (D:2)
  6 bats
  6 frilled lizards
  3 kobolds
  8 rats
63 creatures vanquished.

Notes
Turn   | Place    | Note
-------+----------+-------------------------------------------
     0 | Abyss:1  | VictoriousLee the Demonspawn Abyssal Knight began the quest
                  | for the Orb.
     0 | Abyss:1  | Reached XP level 1. HP: 18/18 MP: 2/2
    10 | D:1      | Escaped the Abyss
    62 | D:1      | Reached skill level 1 in Dodging
   191 | D:1      | Gained mutation: Spells you cast may paralyse adjacent
                  | enemies. [demonic ancestry]
   191 | D:1      | Reached XP level 2. HP: 18/24 MP: 4/4
   693 | D:1      | Reached ** piety under Lugonu
  1007 | D:1      | Reached XP level 3. HP: 29/29 MP: 5/5
  1752 | D:2      | Noticed Robin
  2344 | D:2      | Found a faded altar of an unknown god.
  2376 | D:2      | Reached XP level 4. HP: 33/35 MP: 6/6
  2518 | D:1      | Killed Robin
  3276 | D:2      | Killed from afar by an orc

Illustrated notes

Levels and vault maps discovered:
D:1:      dpeg_arrival_round_a, layout_loops_corners, minmay_misc_feat_ornament,
          minmay_misc_feat_secret_circle
D:2:      layout_rooms, shapermc_ecumenical_altar_mp_ritualfount, uniq_robin
D:3:      layout_loops_ring, mainiacjoe_overflow_boulevard,
          mainiacjoe_overflow_brackets

Skill      XL: |  1  2  3  4 |
---------------+-------------+-----
Dodging        | 1 |  1.2
Maces & Flails | 2 3 |  3.3
Armour         | 2 |  2.0
Invocations    | 3 |  3.8
Fighting       | |  3.2

Action                   |  1- 3 |  4- 6 || total
-------------------------+-------+-------++-------
Melee: Mace              |   116 |    71 ||   187
       Punch             |     1 |     1 ||     2
Invok: Bend Space        |       |     1 ||     1
Armor: Leather armour    |    28 |    13 ||    41
       Ring mail         |       |    10 ||    10
Dodge: Dodged            |    58 |    41 ||    99
